 Dungeon Crawl Stone Soup version 0.23.2-1-ga50397a (webtiles) character file.

Game seed: 9529100867627326066

171 Aurelien the Covered (level 5, -12/47 HPs)
             Began as a Minotaur Fighter on June 2, 2019.
             Killed by divine providence
             ... invoked by an orc priest
              (16 damage)
             ... on level 3 of the Dungeon.
             The game lasted 00:05:09 (1674 turns).

Aurelien the Covered (Minotaur Fighter)             Turns: 1674, Time: 00:05:10

Health: -12/47     AC: 11    Str: 21    XL:     5   Next: 26%
Magic:  4/4        EV:  8    Int:  5    God:
Gold:   103        SH:  9    Dex: 10    Spells: 4/4 levels left

rFire    . . .     SeeInvis .   a - +1 flail
rCold    . . .     Gourm    .   c - +0 shield
rNeg     . . .     Faith    .   b - +1 scale mail
rPois    .         Spirit   .   (helmet restricted)
rElec    .         Reflect  .   (no cloak)
rCorr    .         Harm     .   (no gloves)
MR       .....                  (no boots)
Stlth    ..........             (no amulet)
HPRegen  0.15/turn              p - +3 ring of protection
MPRegen  0.09/turn              (no ring)

@: no status effects
A: retaliatory headbutt, horns 2
a: no special abilities


You were on level 3 of the Dungeon.
You were not hungry.

You visited 1 branch of the dungeon, and saw 3 of its levels.

You collected 103 gold pieces.

Inventory:

Hand Weapons
 a - a +1 flail (weapon)
Armour
 b - a +1 scale mail (worn)
 c - a +0 shield (worn)
Jewellery
 o - an uncursed ring of magical power
 p - a +3 ring of protection (left hand)
 r - an uncursed ring of magical power
Wands
 g - a wand of clouds (9)
Scrolls
 e - a scroll of remove curse
 l - 2 scrolls of identify
 n - a scroll of blinking
Potions
 d - 2 potions of might
 h - a potion of flight {unknown}
 i - 3 potions of heal wounds {unknown}
 j - a potion of curing {unknown}
 k - a potion of mutation {unknown}
Comestibles
 f - 2 rations
 m - 2 chunks of flesh


   Skills:
 + Level 4.7 Fighting
 + Level 4.0 Maces & Flails
 + Level 4.8 Armour
 + Level 0.7 Dodging
 + Level 4.5 Shields


You had 4 spell levels left.
You didn't know any spells.
Your spell library was empty.

Dungeon Overview and Level Annotations

Branches:
Dungeon (3/15)

Altars:
Fedhas
Kikubaaqudgha


Innate Abilities, Weirdness & Mutations

You reflexively headbutt those who attack you in melee.
You have a pair of horns on your head.


Message History

Beogh smites you! The bat hits you but does no damage.
You block the orc priest's attack.
The orc priest invokes the aid of Beogh against you.
Beogh smites you!
The orc priest hits you with a +0 trident.
The bat hits you but does no damage. The bat barely misses you.
You furiously retaliate!
You headbutt the bat.
The orc priest calls down the wrath of Beogh upon you.
Beogh smites you!
* * * LOW HITPOINT WARNING * * *
The orc priest hits you but does no damage.
You block the bat's attack. The bat barely misses you. The bat hits you.
* * * LOW HITPOINT WARNING * * *
The orc priest begins to cast a cantrip, but forgets the words!
You block the bat's attack. The bat hits you but does no damage.
You feel yourself speed up. You block the bat's attack.
The orc priest calls down the wrath of Beogh upon you.
Beogh smites you!
You die...

...## #######......#.#
....# ##.....#(# ##..#
##....#.# #..# #....#.#
#...# #....#.# ..#.#
#....#.# #.##.. ###
####.###.##### ...#
.....#####............#
...#
#...@lb...#....>...#
...#
######.o..#(.......#
...# ##o..#........#
...# #)...##########
...# #.o.#### ...#
#..### ...# ...# ...##
....# <...# .o.#


You could see 2 orc priests, a bat and a frilled lizard.

Vanquished Creatures
  An orc priest (D:3)
  An orc wizard (D:3)
  A gnoll (D:1)
  3 adders
  An ooze (D:1)
  An adder skeleton (D:2)
  3 dart slugs
  3 worms
  A leopard gecko (D:1)
  5 orcs
  4 giant cockroaches
  7 goblins
  7 hobgoblins
  A quokka (D:2)
  2 ball pythons (D:2)
  2 bats (D:2)
  4 frilled lizards
  5 kobolds
  6 rats
58 creatures vanquished.

Notes
Turn   | Place    | Note
-------+----------+-------------------------------------------
     0 | D:1      | Aurelien the Minotaur Fighter began the quest for the Orb.
     0 | D:1      | Reached XP level 1. HP: 19/19 MP: 0/0
   119 | D:1      | Reached XP level 2. HP: 27/27 MP: 1/1
   259 | D:1      | Reached XP level 3. HP: 28/33 MP: 2/2
   756 | D:2      | Found a blossoming altar of Fedhas.
   758 | D:2      | Found an ancient bone altar of Kikubaaqudgha.
   802 | D:2      | Reached XP level 4. HP: 31/41 MP: 3/3
  1320 | D:3      | Reached XP level 5. HP: 14/47 MP: 4/4
  1674 | D:3      | Killed from afar by an orc priest

Skill      XL: |  1  2  3  4  5 |
---------------+----------------+-----
Fighting       | 4 |  4.7
Shields        | 4 |  4.5
Armour         | 4 |  4.8
Maces & Flails | 3 4 |  4.0
Dodging        | |  0.7

Action                   |  1- 3 |  4- 6 || total
-------------------------+-------+-------++-------
Melee: Flail             |    84 |    56 ||   140
       Headbutt          |    11 |    14 ||    25
  Use: Scroll            |       |     7 ||     7
  Eat: Chunk             |       |     1 ||     1
       Ration            |       |     1 ||     1
Armor: Scale mail        |    32 |    32 ||    64
Dodge: Dodged            |    24 |    16 ||    40
Block: Shield            |    44 |    26 ||    70
